 Dungeon Crawl Stone Soup version 0.20-a0-263-g81abdfb (webtiles) character file.

91 gamerape the Cudgeler (level 4, -5/37 HPs)
             Began as a Draconian Gladiator on Dec 4, 2016.
             Was an Initiate of Qazlal.
             Slain by Grinder (6 damage)
             ... on level 3 of the Dungeon.
             The game lasted 00:06:48 (2035 turns).

gamerape the Cudgeler (Draconian Gladiator)         Turns: 2035, Time: 00:06:49

Health: -5/37      AC:  6    Str: 16 (17) XL:     4   Next: 33%
Magic:  4/4        EV: 13    Int:  6 (9)  God:    Qazlal [......]
Gold:   214        SH:  0    Dex: 10 (12) Spells: 3/3 levels left

rFire  . . .     SeeInvis .     e - +0 mace
rCold  . . .     Gourm    .     (armour unavailable)
rNeg   . . .     Faith    .     (no shield)
rPois  .         Spirit   .     b - +0 hat
rElec  .         Reflect  .     j - +0 cloak
rCorr  .         Harm     .     (no gloves)
MR     +....                    (no boots)
Stlth  +.........               (no amulet)
                                (no ring)
                                o - ring of protection from magic

@: no status effects
A: unfitting armour, cold-blooded, AC +5
a: Renounce Religion


You were on level 3 of the Dungeon.
You worshipped Qazlal.
Qazlal was noncommittal.
You were not hungry.

You visited 1 branch of the dungeon, and saw 3 of its levels.

You collected 214 gold pieces.

Inventory:

Hand Weapons
 a - a +0 flail
 e - a +0 mace (weapon)
Missiles
 c - 3 throwing nets (quivered)
 n - 3 tomahawks
Armour
 b - a +0 hat (worn)
 j - a +0 cloak (worn)
Jewellery
 o - a ring of protection from magic (left hand)
Scrolls
 g - 4 scrolls of identify {unknown}
 i - 2 scrolls of immolation {unknown}
 l - 2 scrolls of fear {unknown}
Potions
 d - a potion of degeneration
 f - 4 potions of lignification {unknown}
 h - a potion of curing {unknown}
 k - a potion of resistance {unknown}
Comestibles
 m - a bread ration


   Skills:
 + Level 2.5 Fighting
 + Level 4.5 Maces & Flails
 + Level 1.7 Throwing
 + Level 3.3 Dodging


You had 3 spell levels left.
You didn't know any spells.

Dungeon Overview and Level Annotations

Branches:
Dungeon (3/15)

Altars:
Fedhas
Qazlal

Annotations:
D:3 Grinder


Innate Abilities, Weirdness & Mutations

Your plain brown scales are hard. (AC +5)
You cannot fit into any form of body armour.
You are cold-blooded and may be slowed by cold attacks.


Message History

You are too injured to fight recklessly!
You are too injured to fight recklessly!
You are too injured to fight recklessly!
You are too injured to fight recklessly!
You are too injured to fight recklessly!
You are too injured to fight recklessly!
You hit Grinder but do no damage.
Your tail-slap misses Grinder.
Grinder is severely wounded.
Grinder gestures at you. Pain shoots through your body!
* * * LOW HITPOINT WARNING * * *
You hit Grinder but do no damage.
Grinder is severely wounded.
Grinder hits you!
* * * LOW HITPOINT WARNING * * *
It was a potion of degeneration.
There was something very wrong with that liquid.
You feel weakened.
You feel dopey.
You feel clumsy. Grinder hits you.
You die...

.. #.# ... ..
..$. #.##
....##..##
.........#
.........# .#
#........###.#
#.....5@..##.#
#.........##.#
#..........#.#
#........#.#.#
##########...#
## ##..# .#
##..#####
#######+##.#
#.......#
...........#
#.......#


You could see Grinder.

Vanquished Creatures
  A gnoll (D:1)
  2 adders (D:2)
  A worm (D:2)
  A dart slug (D:2)
  A leopard gecko (D:2)
  5 giant cockroaches
  6 goblins
  8 hobgoblins
  5 jackals
  6 kobolds
  A quokka (D:3)
  5 bats
  3 frilled lizards
  8 rats
53 creatures vanquished.

Vanquished Creatures (others)
  A bat (D:2)
1 creature vanquished.

Grand Total: 54 creatures vanquished

Notes
Turn   | Place    | Note
-------+----------+-------------------------------------------
     0 | D:1      | gamerape the Draconian Gladiator began the quest for the Orb.
     0 | D:1      | Reached XP level 1. HP: 17/17 MP: 1/1
   112 | D:1      | Reached XP level 2. HP: 9/24 MP: 2/2
   531 | D:1      | Reached XP level 3. HP: 12/29 MP: 3/3
   862 | D:1      | Reached skill level 4 in Maces & Flails
  1159 | D:2      | Found a blossoming altar of Fedhas.
  1180 | D:2      | Found a stormy altar of Qazlal.
  1194 | D:2      | Became a worshipper of Qazlal Stormbringer
  1265 | D:2      | Reached XP level 4. HP: 28/37 MP: 4/4
  2009 | D:3      | Noticed Grinder
  2011 | D:3      | Paralysed by Grinder for 5 turns
  2034 | D:3      | HP: 1/37 [Grinder (9)]
  2035 | D:3      | Slain by Grinder

Vault maps used:
D:1:      elethiomel_arrival_diamonds, minmay_misc_feat_tiny,
          minmay_tree_intersection
D:2:      grunt_temple_overflow_forces_of_nature, lemuel_flame_loot_1
D:3:      cheibriados_altar_1, minitemple, first_bread,
          chequers_ecumenical_altar_simple, hangedman_decor_growths,
          okawaru_gym_becter, uniq_grinder, uniq_crazy_yiuf_cottage

Skill      XL: |  1  2  3 |
---------------+----------+-----
Dodging        | 3 |  3.3
Maces & Flails | 4 |  4.5
Fighting       | |  2.5
Throwing       | |  1.7

Action                   |  1- 3 |  4- 6 || total
-------------------------+-------+-------++-------
Melee: Mace              |    97 |    64 ||   161
       Flail             |    10 |       ||    10
       Tailslap          |     7 |     7 ||    14
       Hand axe          |     2 |       ||     2
  Use: Scroll            |     2 |       ||     2
       Potion            |       |     1 ||     1
 Stab: Sleeping          |       |     1 ||     1
  Eat: Bread ration      |       |     1 ||     1
Armor: Skin              |    49 |    18 ||    67
Dodge: Dodged            |    89 |    50 ||   139
